groovejumper, neutral female human Wizard --------- ----- |.......+# |...| |.......|# |...| ----------- ------.--# ##.0..| |.........-######## #### ## # # --.-- |..^......| # #------ # #### ## #-.....(...-##%#######|.[.<-### ######## ## # ###--------.-- #.....| # ----.-#--- ######### # 0 |.[.(| ##.........| #------------ ### ------ |(.......| #|..........| # 0#**.........-####-...>......| -.--- ### |........| ## |..........| |...| # |........[####...........| |.@@.## |...#....| |..........| |)(%| ---------- ------------ ----- groovejumper the Thaumaturge Experience level: 8 Strength: 15 Dexterity: 13 Constitution: 18 Intelligence: 18 Wisdom: 10 Charisma: 10 Health: 0(75) Energy: 69(88) AC: 9 Gold: 3235 Moves: 5214 Your Inventory: Coins $ - 3235 gold pieces Weapons e - 4 blessed [+1] darts g - a blessed +1 quarterstaff N - an uncursed rustproof [+0] athame named Magicbane [Magicbane] (weapon in hand) Armor b - an uncursed +0 cloak of magic resistance (being worn) i - a [cursed +5] hooded cloak [of aggravation (dwarvish)] q - a [cursed +1] pair of mud boots [elven] Comestibles h - an [uncursed] food ration r - a [cursed] food ration Scrolls j - an [uncursed] scroll of teleportation l - an uncursed scroll of magic mapping m - an [uncursed] scroll of destroy armor n - an uncursed scroll called 133 [of confuse monster] w - an uncursed unlabeled scroll [of blank paper] z - 2 cursed scrolls called 133 [of confuse monster] C - a cursed scroll of teleportation H - a [cursed] scroll called 133 [of confuse monster] L - an [uncursed] scroll of magic mapping Q - an [uncursed] scroll called 133 [of gold detection] T - an [uncursed] scroll called 266 [of create monster] U - a cursed scroll labeled DAIYEN FOOELS [of taming] W - a cursed scroll labeled ZELGO MER [of remove curse] Spellbooks k - a blessed spellbook of force bolt t - an [uncursed] spellbook of detect monsters y - a cursed stylish spellbook [of light] D - an [uncursed] left-handed spellbook [of finger of death] G - an uncursed spellbook of cause fear I - an uncursed [faint] spellbook of fireball Potions f - an [uncursed] pink potion [of blindness] o - a cursed clear potion [of unholy water] s - an [uncursed] viscous potion [of hallucination] u - a cursed sky blue potion [of levitation] v - an uncursed brown potion [of paralysis] B - a cursed yellow potion [of object detection] J - an uncursed black potion [of speed] K - an [uncursed] magenta potion [of confusion] M - an [uncursed] slimy potion [of enlightenment] O - an [uncursed] clear potion [of water] P - an [uncursed] yellow potion [of object detection] R - 3 uncursed potions of invisibility S - an uncursed potion of oil V - 2 uncursed yellow potions [of object detection] X - a cursed slimy potion [of enlightenment] Rings x - a [cursed] coral ring [of slow digestion] E - a cursed ring of regeneration Z - an uncursed +1 ring of gain strength Wands c - an uncursed wand of digging (0:7) F - an uncursed wand of make invisible (0:7) Y - a cursed wand of lightning (0:5) Tools a - an uncursed lock pick A - an [uncursed] bag [sack] Contents of the sack: an [uncursed +1] agate ring [of protection] Spells known in the end: Name Level Category Fail Memory a - force bolt 1 attack 0% [||||||..] b - cause fear 3 enchantment 0% [||||||..] c - fireball 4 attack 62% [||||||||] d - detect monsters 1 divination 0% [||||||||] Your skills at the end: Fighting Skills Weapon Skills quarterstaff [Basic / Expert] Spellcasting Skills attack spells [Basic / Expert] enchantment spells [Basic / Skilled] Final Attributes: You were piously aligned. Hunger level was 430. Your alignment was 35 / 36. Monster difficulty range was 1 - 7. Level difficulty was 6. You were magic-protected. You were telepathic. Your luck was zero. You are dead. Vanquished creatures: 2 ghosts a small mimic a giant beetle 2 jaguars a dwarf lord a water nymph a mountain nymph 4 Uruk-hai an orc shaman 2 rock piercers a fog cloud a shrieker a violet fungus a gray ooze 3 elf zombies a paper golem a giant ant a little dog a floating eye 2 kittens 2 dwarves 3 homunculi 2 kobold shamans 5 rothes 2 giant bats a monkey 2 dwarf zombies 2 werejackals an iguana an acid blob 2 coyotes a gas spore 4 hobbits 3 large kobolds 2 hobgoblins 2 giant rats 2 cave spiders 4 yellow molds a red mold 5 geckos 3 kobolds a goblin 3 sewer rats 3 grid bugs 6 lichens 2 kobold zombies 8 newts 102 creatures vanquished. Voluntary challenges: You used a wielded weapon 113 times. You read items or engraved 11 times. You put on armor 1 time. You never genocided any monsters. You never polymorphed an object. You never changed form. You used no wishes. You wrote Elbereth's name 3 times. You encountered 2 bones levels. You never used any Sokoban shortcuts. Dungeon overview: The Dungeons of Doom: levels 1 to 6 Level 1 a long staircase Level 2 a fountain Level 3 an altar to Thoth stairs to The Gnomish Mines Level 4 a general store Level 6 <- You were here a sink The Gnomish Mines: Level 4 stairs to The Dungeons of Doom History has recorded: On T:1 you entered the Dungeons of Doom to retrieve the Amulet of Yendor! On T:268 you advanced to experience level 2. On T:290 you reached level 2 of The Dungeons of Doom. On T:460 you advanced to experience level 3. On T:652 you reached level 3 of The Dungeons of Doom. On T:771 you advanced to experience level 4. On T:996 you reached level 1 of The Gnomish Mines. On T:1621 you advanced to experience level 5. On T:2328 you advanced to experience level 6. On T:3201 you received Magicbane from Thoth. On T:3303 you reached level 4 of The Dungeons of Doom. On T:3498 you advanced to experience level 7. On T:4372 you reached level 5 of The Dungeons of Doom. On T:4773 you reached level 6 of The Dungeons of Doom. On T:4860 you advanced to experience level 8. Latest messages: [HP+1=39] [HP+1=40] [HP+1=41] You stop studying. [19 turns] You see here an uncursed ring of searching. The Woodland-elf wields a runed broadsword! [HP+1=42] You miss the Woodland-elf. The Woodland-elf swings his runed broadsword. The Woodland-elf hits! The Woodland-elf swings his runed broadsword. The Woodland-elf hits! [HP-23=19] [2 turns] You engrave "Elbereth" with an uncursed rustproof athame named Magicbane (weapon in hand) into the floor. The Woodland-elf swings his runed broadsword. The Woodland-elf hits! [HP-15=4] The Woodland-elf swings his runed broadsword. The Woodland-elf hits! You die... Final status: Goodbye groovejumper the Wizard... You died in The Dungeons of Doom on dungeon level 6 with 8092 points, and 3235 pieces of gold, after 5214 moves. You were level 8 with a maximum of 75 hit points when you died.